 Dungeon Crawl Stone Soup version 0.28-a0-479-g5baa6b73be (webtiles) character file.

Game seed: 9844214202087922606

172 heikuro the Chopper (level 5, -4/47 HPs)
             Began as a Minotaur Berserker on Sept 18, 2021.
             Was a Believer of Trog.
             Slain by Grinder (6 damage)
             ... on level 3 of the Dungeon.
             The game lasted 00:03:05 (1988 turns).

heikuro the Chopper (Minotaur Berserker)            Turns: 1988, Time: 00:03:07

Health: -4/47      AC:  9    Str: 22    XL:     5   Next: 27%
Magic:  4/4        EV: 10    Int:  4    God:    Trog [**....]
Gold:   68         SH:  0    Dex: 10    Spells: 4/4 levels left

rFire   . . .      SeeInvis .   a - +0 hand axe
rCold   . . .      Faith    .   (no shield)
rNeg    . . .      Spirit   .   l - +0 scale mail
rPois   .          Reflect  .   (helmet restricted)
rElec   .          Harm     .   e - +0 cloak
rCorr   .          Rampage  .   h - +0 pair of gloves
Will    ++...                   (no boots)
Stlth   ..........              (no amulet)
HPRegen 1.15/turn               (no ring)
MPRegen 0.09/turn               (no ring)

@: strong-willed, on berserk cooldown, regenerating, slowed, very slow
A: horns 2, retaliatory headbutt
a: Renounce Religion, Berserk, Trog's Hand


You were on level 3 of the Dungeon.
You worshipped Trog.
Trog was pleased with you.
You visited 1 branch of the dungeon, and saw 3 of its levels.

You collected 68 gold pieces.

Inventory:

Hand Weapons
 a - a +0 hand axe (weapon)
 d - a +3 dagger
 p - a +0 great sword
Missiles
 i - 5 boomerangs (quivered)
Armour
 e - a +0 cloak (worn)
 h - a +0 pair of gloves (worn)
 l - a +0 scale mail (worn)
Wands
 f - a wand of digging (5)
 m - a wand of polymorph (7)
Scrolls
 b - a scroll of fog {unknown}
 c - a scroll of magic mapping {unknown}
 g - a scroll of noise {unknown}
 j - a scroll of fear {unknown}
 k - a scroll of teleportation {unknown}
Potions
 n - a potion of cancellation {unknown}
 o - a potion of degeneration {unknown}


   Skills:
 + Level 4.5 Fighting
 * Level 5.2 Axes
 + Level 3.5 Armour
 + Level 3.1 Dodging
 + Level 1.1 Evocations


You had 4 spell levels left.
You didn't know any spells.
Your spell library was empty.

Dungeon Overview and Level Annotations

Branches:
Dungeon (3/15)

Altars:

Shops:
D:3 =

Annotations:
D:3 Grinder


Innate Abilities, Weirdness & Mutations

You have a pair of horns on your head.
You reflexively headbutt those who attack you in melee.


Message History

Grinder gestures at you. Pain shoots through your body!
Grinder closely misses you. You furiously retaliate!
You headbutt Grinder. You closely miss Grinder. Your headbutt misses Grinder.
Grinder is lightly wounded.
Grinder blinks!
You hit Grinder. You headbutt Grinder.
Grinder is moderately wounded.
Grinder hits you.
You writhe in agony.
Grinder barely misses you.
You slash Grinder!
Grinder is heavily wounded.
Grinder hits you but does no damage. Grinder barely misses you.
You hit Grinder but do no damage.
Grinder is heavily wounded.
Grinder hits you.
You writhe in agony.
You are too injured to fight recklessly!
Okay, then.
You hit Grinder.
Grinder is severely wounded.
Grinder hits you.
* * * LOW HITPOINT WARNING * * *
You writhe in agony.
* * * LOW HITPOINT WARNING * * *
Grinder hits you but does no damage.
Okay, then.
Unknown command.
Your skin crawls.
You feel strong-willed.
Grinder blinks!
You hit Grinder.
Grinder is severely wounded.
Grinder closely misses you.
You hit Grinder.
Grinder is severely wounded.
Grinder hits you.
* * * LOW HITPOINT WARNING * * *
Grinder hits you!
* * * LOW HITPOINT WARNING * * *
You writhe in agony.
You die...

..... .... ... .#
.######.# .# ........##
#####.####
###.........###........#
.............#>.......#
#..........#..........#
#..........###.@[.....#
#..........# #..5.....#
##..........# #........#
...........## ##########
....<......##
............##
.............##
...........⌠.⌠#
............∩.#


You could see Grinder.

Vanquished Creatures
  Natasha (thrice) (D:2)
  4 gnolls (D:2)
  An adder (D:2)
  2 worms (D:2)
  2 dart slugs (D:1)
  4 endoplasms
  6 goblins
  4 hobgoblins
  4 kobolds
  2 quokkas
  A ball python (D:3)
  6 bats (D:1)
  3 frilled lizards
  6 rats
48 creatures vanquished.

Vanquished Creatures (others)
  2 plants (D:1)
2 creatures vanquished.

Grand Total: 50 creatures vanquished

Notes
Turn   | Place    | Note
-------+----------+-------------------------------------------
     0 | D:1      | heikuro the Minotaur Berserker began the quest for the Orb.
     0 | D:1      | Reached XP level 1. HP: 19/19 MP: 0/0
   141 | D:1      | Reached XP level 2. HP: 25/27 MP: 1/1
   180 | D:1      | Reached skill level 4 in Axes
   226 | D:1      | Found a faded altar of an unknown god.
   562 | D:1      | Reached ** piety under Trog
   563 | D:1      | Reached XP level 3. HP: 33/33 MP: 2/2
  1175 | D:2      | Reached XP level 4. HP: 40/40 MP: 3/3
  1460 | D:2      | Noticed Natasha
  1462 | D:2      | Killed Natasha
  1463 | D:2      | Reached skill level 5 in Axes
  1548 | D:2      | Noticed Natasha
  1554 | D:2      | Killed Natasha
  1555 | D:2      | Reached skill level 1 in Evocations
  1555 | D:2      | Reached XP level 5. HP: 43/47 MP: 4/4
  1606 | D:2      | Noticed Natasha
  1625 | D:2      | Killed Natasha
  1933 | D:3      | Found Ujooxar's Jewellery Shop.
  1968 | D:3      | Noticed Grinder
  1988 | D:3      | HP: 2/47 [Grinder (7)]
  1988 | D:3      | Slain by Grinder

Illustrated notes

Levels and vault maps discovered:
D:1:      denvon_arrival_planthouse, layout_rooms, serial_glass,
          glass_columns_b, glass_columns_a, glass_columns_a, glass_columns_a,
          glass_columns_a, glass_columns_b,
          hellmonk_ecumenical_altar_pennies_from_heaven
D:2:      layout_basic, uniq_natasha
D:3:      layout_rooms, serial_shops, shop_fountains, st_stairs_13, uniq_grinder

Skill      XL: |  1  2  3  4 |
---------------+-------------+-----
Axes           | 4 5 |  5.2
Fighting       | 4 |  4.5
Armour         | 3 |  3.5
Dodging        | 3 |  3.1
Evocations     | 1 |  1.1

Action                   |  1- 3 |  4- 6 || total
-------------------------+-------+-------++-------
Melee: Hand axe          |    64 |    29 ||    93
       Headbutt          |    10 |     3 ||    13
       Unarmed           |       |    15 ||    15
Invok: Berserk           |     1 |     2 ||     3
       Trog's Hand       |       |     1 ||     1
 Stab: Sleeping          |     1 |       ||     1
Armor: Animal skin       |    15 |       ||    15
       Scale mail        |       |     7 ||     7
Dodge: Dodged            |    59 |    16 ||    75

Table legend: (Time is in decaauts)
 A = Elapsed time spent in this place.
 B = Non-inter-level travel time spent in this place.
 C = Inter-level travel time spent in this place.
 D = Time resting spent in this place.
 E = Time spent auto-exploring this place.
 F = Levels seen in this place.
 G = Mean time per level.
                   A        B        C        D        E       F      G
               +--------+--------+--------+--------+--------+-----+--------+
         Total |   2017 |   1921 |     96 |    381 |   1125 |   3 |  672.3 |
       Dungeon |   2017 |   1921 |     96 |    381 |   1125 |   3 |  672.3 |
               +--------+--------+--------+--------+--------+-----+--------+

Top non-repeatable levels by time:
     D:2: 1260 daAuts
     D:1: 681 daAuts
     D:3: 75 daAuts
